 Dungeon Crawl Stone Soup version 0.21-a0-110-g8e1637b (webtiles) character file.

166384 MirrMurr the Slayer (level 17, -5/176 HPs)
             Began as a Hill Orc Berserker on July 6, 2017.
             Was the Champion of Trog.
             Slain by a merfolk impaler
             ... wielding a +3 trident of venom
              (11 damage)
             ... on level 4 of the Shoals on July 7, 2017.
             The game lasted 01:35:04 (32727 turns).

MirrMurr the Slayer (Hill Orc Berserker)           Turns: 32727, Time: 01:35:06

Health: -5/176     AC: 22    Str: 25    XL:     17   Next: 90%
Magic:  0/15       EV: 18    Int:  9    God:    Trog [******]
Gold:   1707       SH:  0    Dex: 15    Spells: 16/16 levels left

rFire    + + .     SeeInvis .   a - +8 battleaxe "Jeppa Axte" {flame, rElec rC- MR+ Dex+3}
rCold    + . .     Gourm    .   (shield currently unavailable)
rNeg     . . .     Faith    .   W - +1 plate armour {rF+}
rPois    .         Spirit   +   (no helmet)
rElec    +         Reflect  .   U - +0 cloak
rCorr    .         Harm     .   v - +1 pair of gloves
MR       ++...                  I - +2 pair of boots of a labyrinth {rF+ rC++}
Stlth    ..........             R - amulet of guardian spirit
HPRegen  0.39/turn              u - +4 ring of evasion
MPRegen  0.14/turn              J - +6 ring of slaying

@: lethally poisoned (-5 -> -25)
A: clever 1, low mp 1, MP-powered wands
a: Berserk, Trog's Hand, Brothers in Arms, Burn Spellbooks, Renounce Religion


You were on level 4 of the Shoals.
You worshipped Trog.
Trog was exalted by your worship.
You were hungry.

You visited 6 branches of the dungeon, and saw 29 of its levels.

You collected 3260 gold pieces.
You spent 1553 gold pieces at shops.

Inventory:

Hand Weapons
 a - the +8 battleaxe "Jeppa Axte" (weapon) {flame, rElec rC- MR+ Dex+3}
   (You acquired it on level 6 of the Lair of Beasts)

   It has been specially enchanted to burn those struck by it, causing extra
   injury to most foes and up to half again as much damage against particularly
   susceptible opponents.
   Big, fiery blades are also staple armaments of hydra-hunters.
   It affects your dexterity (+3).
   It makes you vulnerable to cold.
   It insulates you from electricity.
   It affects your resistance to hostile enchantments.
 b - a +2 fustibalus of freezing
 f - a +4 battleaxe of protection
 w - a +0 blowgun
Missiles
 d - 5 throwing nets {!f}
 l - 7 poisoned javelins (quivered)
 n - 907 stones
 C - 2 curare-tipped needles
 D - 221 sling bullets
Armour
 v - a +1 pair of gloves (worn)
 I - the +2 pair of boots of a labyrinth (worn) {rF+ rC++}
   (You found it on level 4 of the Shoals)

   It protects you from fire.
   It greatly protects you from cold.
 U - a +0 cloak (worn)
 W - a +1 plate armour of fire resistance (worn)
Jewellery
 e - an uncursed ring of protection from magic
 u - a +4 ring of evasion (left hand)
 B - an uncursed ring of resist corrosion
 G - an uncursed ring of poison resistance
 J - a +6 ring of slaying (right hand)
 O - an uncursed ring of protection from cold
 R - an amulet of guardian spirit (around neck)
Wands
 x - a wand of paralysis (6/24)
 E - a wand of lightning (10/15)
 K - a wand of acid (11/15)
 L - a wand of digging (5/24)
 S - a wand of digging (11/24)
 Y - a wand of iceblast (4/15)
Scrolls
 g - 11 scrolls of teleportation
 h - 9 scrolls of magic mapping
 i - 2 scrolls of identify
 r - 15 scrolls of remove curse
 s - 2 scrolls of fog
 t - 7 scrolls of enchant armour
 y - a scroll of brand weapon
 P - 7 scrolls of recharging
 T - 3 scrolls of blinking
Potions
 j - 3 potions of might
 o - 4 potions of agility
 p - 8 potions of curing
 q - 2 potions of mutation
 z - 2 potions of invisibility
 F - 4 potions of haste
 N - 2 potions of heal wounds
 Q - 4 potions of resistance
 V - 2 potions of cancellation
Miscellaneous
 M - a sack of spiders
Comestibles
 c - 16 bread rations
 k - 20 fruits
 m - 4 royal jellies
 H - 23 meat rations


   Skills:
 * Level 22.1 Fighting
 - Level 21.5 Axes
 - Level 10.0 Armour
 + Level 12.4 Dodging


You had 16 spell levels left.
You didn't know any spells.

Dungeon Overview and Level Annotations

Branches:
Dungeon (15/15)            Temple (1/1) D:4            Lair (6/6) D:10
 Shoals (4/4) Lair:4       Spider (0/4) Lair:4        Slime (0/5) Lair:6
    Orc (2/2) D:11            Elf (1/3) Orc:2        Vaults (0/5) D:13
 Depths (0/5) D:15

Altars:
Ashenzari
Dithmenos
Elyvilon
Gozag
Hepliaklqana
Kikubaaqudgha
Nemelex Xobeh
Okawaru
Qazlal
Sif Muna
Trog
Wu Jian
Xom
Yredelemnul
Zin

Shops:
D:4 }   D:6 =*   D:12 (   D:14 *   Orc:2 *!*:


Innate Abilities, Weirdness & Mutations

Your mind is acute. (Int +2)
Your magical capacity is low. (-10% MP)
You expend magic power (3 MP) to strengthen your wands.


Message History

* * * LOW HITPOINT WARNING * * *
You feel sick.
The merfolk impaler hits you but does no damage.
You are lethally poisoned!
Your cyclops closely misses the merfolk avatar.
The merfolk avatar chants its luring song.
The merfolk impaler closely misses you.
You carve the merfolk avatar like a ham!!!
You burn the merfolk avatar!
You break out of your daze!
You kill the merfolk avatar!
Trog accepts your kill.
Trog appreciates your killing of a magic user.
* * * LOW HITPOINT WARNING * * *
You feel sick.
The merfolk hits you but does no damage.
The merfolk hits you from afar with a trident!
* * * LOW HITPOINT WARNING * * *
The merfolk impaler hits you from afar with a trident of venom!
You die...

##≈≈≈≈≈≈......... #≈...##
≈≈≈≈≈≈≈..........## ##≈....###
.≈≈≈≈≈≈≈.......(..#####≈≈(.....#
...≈≈≈≈≈.............≈≈≈≈≈(....#
..<.≈≈≈≈≈..................[...##
...≈≈≈÷)≈....≈..c..........≈≈...#
.##..≈≈≈≈......mmm(....<....≈≈≈..
.....≈≈≈≈≈.......(...≈≈...#.≈≈≈.#
.≈≈≈≈≈≈≈≈≈....##@##≈≈≈≈...(.≈P≈..
..≈≈≈≈≈≈≈≈≈≈≈##.C.##≈....).≈≈≈≈≈.
#.≈≈≈≈≈≈≈≈≈≈≈#.....#≈.....≈≈≈≈≈≈.
##.≈≈≈≈≈≈≈≈≈≈#..)..#≈.≈≈≈≈≈PPPP≈P
#.≈≈≈≈≈≈≈≈≈≈#(....#≈...≈≈≈≈≈P≈P≈
#.≈.≈≈≈≈≈≈≈≈##...##......≈≈P≈≈≈≈
###≈≈≈≈≈≈..≈≈≈#####.≈.###..≈≈≈≈≈P
..##≈≈≈≈≈..≈≈ ...# ##.≈≈≈≈≈≈
...#≈≈≈≈≈≈≈ m.≈≈≈≈≈≈


You could see a merfolk impaler, 2 merfolk, a centaur and a friendly cyclops
(berserk).

Vanquished Creatures
  2 krakens
  A tengu reaver (D:12)
  The ghost of kroki the Tortoise, an adept DsWn of Okawaru (Shoals:2)
  A fire giant (D:12)
  An orc warlord (Orc:2)
  Louise (Shoals:2)
  Azrael (D:13)
  An ettin (D:15)
  Josephine (D:10)
  2 merfolk javelineers
  4 merfolk impalers
  2 vault guards (D:13)
  4 merfolk avatars
  A catoblepas (D:13)
  6 hydras
  9 centaur warriors
  Erica (Lair:1)
  A satyr (Shoals:3)
  A dancing weapon (Elf:1)
  An ogre mage (D:15)
  8 two-headed ogres
  A tengu warrior (D:15)
  12 death yaks
  2 merfolk aquamancers
  3 orc high priests (Orc:2)
  Nergalle (D:11)
  The ghost of yrara the Basher, a novice DsFi of Gozag (D:8)
  6 sea snakes
  2 unseen horrors
  A wizard (D:13)
  2 wolf spider zombies
  A harpy (shapeshifter) (D:13)
  5 orc knights
  13 harpies
  12 fauns
  A necromancer (D:13)
  An orb spider (Lair:4)
  5 orc sorcerers
  17 ugly things
  A deep elf mage (D:15)
  11 manticores
  4 oklob plants (Lair:6)
  5 cyclopes
  An elephant (shapeshifter) (D:12)
  17 elephants
  9 black mambas
  7 merfolk sirens
  8 water nymphs
  Joseph (D:7)
  12 spiny frogs
  Psyche (D:11)
  A gargoyle (D:14)
  3 rime drakes (Lair:5)
  11 komodo dragons
  A freezing wraith (D:12)
  2 yaktaurs
  2 kobold demonologists
  29 merfolk
  3 meliai (D:14)
  6 hornets
  5 polar bears
  A queen bee (D:8)
  9 wind drakes
  The ghost of yrara the Cudgeler, an amateur DsFi of Gozag (D:4)
  11 trolls
  Grinder (D:4)
  2 slime creatures (Lair:5)
  16 dream sheep
  13 hippogriffs
  10 snapping turtles
  7 water elementals
  15 spriggans (Lair:6)
  A wyvern (D:14)
  57 yaks
  A shadow (D:12)
  A vampire (D:14)
  5 wraiths
  3 fire elementals (D:13)
  18 humans (D:13)
  Grum (D:10)
  7 hungry ghosts
  6 basilisks
  Menkaure (D:7)
  An acid dragon (D:13)
  2 wargs
  A swamp worm (shapeshifter) (D:12)
  23 water moccasins
  2 hell hounds (D:13)
  3 ice beasts
  20 orc warriors
  13 porcupines
  Duvessa (D:7)
  4 black bears
  3 sky beasts
  An eye of draining (D:14)
  2 necrophages (D:8)
  15 ogres
  3 boggarts (Lair:6)
  22 wolves
  10 crocodiles
  14 centaurs
  2 big kobolds (D:15)
  18 bullfrogs
  Dowan (D:7)
  A scorpion (D:8)
  17 killer bees
  3 wights
  3 howler monkeys
  6 centaur zombies
  5 crimson imps
  5 bullfrog zombies
  8 hounds
  5 jellies
  4 centaur skeletons
  3 bullfrog skeletons
  18 orc priests
  5 iguanas
  Jessica (D:5)
  11 worker ants
  16 orc wizards
  A killer bee zombie (D:9)
  2 hound skeletons
  2 mummies (D:8)
  A howler monkey zombie (D:8)
  2 worker ant zombies (D:5)
  13 adders
  3 gnolls (D:5)
  3 shadow imps
  An ooze (D:3)
  An adder zombie (D:7)
  4 worms
  12 dart slugs
  4 leopard geckos
  59 orcs
  6 giant cockroaches
  8 goblins
  6 hobgoblins
  9 jackals
  5 quokkas
  A ball python (D:8)
  4 bats
  9 frilled lizards
  4 kobolds
  A leopard gecko skeleton (D:5)
  5 rats
  3 fungi
  10 plants
  9 tentacles
  2 withered plants (D:8)
925 creatures vanquished.

Vanquished Creatures (others)
  An orc (Orc:2)
  A bush (Lair:2)
  8 fungi
  29 plants
  15 tentacles
54 creatures vanquished.

Grand Total: 979 creatures vanquished

Notes
Turn   | Place    | Note
-------+----------+-------------------------------------------
     0 | D:1      | MirrMurr the Hill Orc Berserker began the quest for the Orb.
     0 | D:1      | Reached XP level 1. HP: 19/19 MP: 1/1
   257 | D:1      | Reached XP level 2. HP: 17/27 MP: 2/2
   416 | D:1      | Found a shattered altar of Ashenzari.
   740 | D:1      | Reached skill level 4 in Fighting
   799 | D:2      | Upgraded the game from 0.21-a0-104-g7b58145 to 0.21-a0-110-g8e1637b
   842 | D:2      | Reached XP level 3. HP: 33/33 MP: 3/3
   926 | D:2      | Reached ** piety under Trog
   972 | D:2      | Reached skill level 5 in Axes
  1074 | D:2      | Reached XP level 4. HP: 38/40 MP: 4/4
  2269 | D:3      | Reached XP level 5. HP: 47/47 MP: 5/5
  2342 | D:4      | Found a staircase to the Ecumenical Temple.
  2348 | Temple   | Entered the Ecumenical Temple
  2468 | D:4      | Noticed yrara's ghost (amateur DsFi)
  2638 | D:4      | Reached XP level 6. HP: 50/55 MP: 6/6
  2680 | D:4      | Found Sutine's Gadget Boutique.
  2680 | D:4      | Noticed Grinder
  2712 | D:4      | Killed Grinder
  2712 | D:4      | Reached skill level 5 in Fighting
  2712 | D:4      | Reached XP level 7. HP: 55/61 MP: 7/7
  3065 | D:4      | Found a shadowy altar of Dithmenos.
  3199 | D:4      | Killed yrara's ghost
  3428 | D:5      | Entered Level 5 of the Dungeon
  3496 | D:5      | Reached skill level 6 in Fighting
  3496 | D:5      | Reached skill level 5 in Armour
  3666 | D:5      | Found a white marble altar of Elyvilon.
  3975 | D:5      | Reached XP level 8. HP: 69/70 MP: 8/8
  4537 | D:5      | Reached *** piety under Trog
  4570 | D:5      | Noticed Jessica
  4574 | D:5      | Killed Jessica
  4578 | D:5      | Found a deep blue altar of Sif Muna.
  4846 | D:6      | Reached skill level 7 in Fighting
  4846 | D:6      | Reached skill level 10 in Axes
  5083 | D:6      | Found Keammuigusk's Jewellery Shoppe.
  5182 | D:6      | Reached XP level 9. HP: 79/79 MP: 9/9
  5325 | D:6      | Found Gozag's Platinum Reserve.
  5426 | D:6      | Found an opulent altar of Gozag.
  5882 | D:7      | Noticed Joseph
  5893 | D:7      | Killed Joseph
  6044 | D:7      | Reached skill level 8 in Fighting
  6216 | D:7      | Found a sparkling altar of Nemelex Xobeh.
  6235 | D:7      | Noticed Duvessa
  6235 | D:7      | Noticed Dowan
  6238 | D:7      | Noticed Menkaure
  6271 | D:7      | Killed Duvessa
  6277 | D:7      | Killed Menkaure
  6280 | D:7      | Killed Dowan
  6603 | D:8      | Reached **** piety under Trog
  6766 | D:8      | Noticed yrara's ghost (novice DsFi)
  6780 | D:8      | Killed yrara's ghost
  6780 | D:8      | Reached skill level 9 in Fighting
  6780 | D:8      | Reached XP level 10. HP: 29/91 MP: 10/10
  7059 | D:8      | Found a basalt altar of Yredelemnul.
  7072 | D:8      | Noticed a two-headed ogre
  7079 | D:8      | Killed a two-headed ogre
  7271 | D:8      | Noticed a two-headed ogre
  7283 | D:8      | Killed a two-headed ogre
  7798 | D:8      | Reached skill level 10 in Fighting
  8638 | D:9      | Noticed a two-headed ogre
  8655 | D:9      | Killed a two-headed ogre
  8655 | D:9      | Reached skill level 15 in Axes
  8655 | D:9      | Reached XP level 11. HP: 75/101 MP: 11/11
  9090 | D:9      | Noticed a two-headed ogre
  9097 | D:9      | Killed a two-headed ogre
  9527 | D:10     | Entered Level 10 of the Dungeon
  9566 | D:10     | Noticed Josephine
  9577 | D:10     | Killed Josephine
  9577 | D:10     | Reached skill level 11 in Fighting
  9577 | D:10     | Reached skill level 10 in Armour
  9869 | D:10     | Reached ***** piety under Trog
  9939 | D:10     | Noticed Grum
  9948 | D:10     | Killed Grum
 10087 | D:10     | Found a staircase to the Lair.
 10602 | D:11     | Found a staircase to the Orcish Mines.
 10629 | D:11     | Killed an unseen horror
 10629 | D:11     | Reached XP level 12. HP: 102/111 MP: 12/12
 10665 | D:11     | Noticed Nergalle
 10701 | D:11     | Killed Nergalle
 11025 | D:11     | Reached skill level 12 in Fighting
 11160 | D:11     | Noticed Psyche
 11724 | D:11     | Killed Psyche
 12245 | Lair:1   | Entered Level 1 of the Lair of Beasts
 12979 | Lair:1   | Noticed Erica
 12996 | Lair:1   | Killed Erica
 13089 | Lair:1   | Noticed a four-headed hydra
 13112 | Lair:1   | Killed a nine-headed hydra
 13113 | Lair:1   | Reached skill level 5 in Dodging
 13584 | Lair:2   | Noticed a death yak
 13586 | Lair:2   | Noticed a death yak
 13587 | Lair:2   | Noticed a death yak
 13588 | Lair:2   | Noticed a death yak
 13589 | Lair:2   | Noticed a death yak
 13640 | Lair:2   | Killed a death yak
 13640 | Lair:2   | Reached XP level 13. HP: 113/119 MP: 13/13
 13645 | Lair:2   | Reached skill level 13 in Fighting
 13652 | Lair:2   | Received a gift from Trog
 15528 | Lair:4   | Found a staircase to the Shoals.
 15734 | Lair:4   | Found a hole to the Spider Nest.
 16942 | Lair:5   | Reached skill level 14 in Fighting
 17298 | Lair:5   | Reached XP level 14. HP: 132/132 MP: 14/14
 17509 | Lair:6   | Entered Level 6 of the Lair of Beasts
 18060 | Lair:5   | Received a gift from Trog
 18308 | Lair:6   | Paralysed by a hornet for 3 turns
 18761 | Lair:6   | Reached ****** piety under Trog
 18818 | Lair:6   | Received a gift from Trog
 18846 | Lair:6   | Reached skill level 15 in Fighting
 18903 | Lair:6   | Found a staircase to the Slime Pits.
 18993 | Lair:6   | Paralysed by a hornet for 2 turns
 19250 | Lair:6   | Reached XP level 15. HP: 77/143 MP: 11/15
 19522 | Lair:5   | Reached skill level 16 in Fighting
 20159 | Lair:6   | Identified a scroll of acquirement
 20160 | Lair:6   | Got a crude battleaxe
 20161 | Lair:6   | Identified the +8 battleaxe "Jeppa Axte" {flame, rElec rC- MR+ Dex+3} (You acquired it on level 6 of the Lair of Beasts)
 20511 | D:12     | Received a gift from Trog
 20606 | D:12     | Noticed a fire giant
 20629 | D:12     | Killed a fire giant
 20669 | D:12     | Noticed a tengu reaver
 20681 | D:12     | Killed a tengu reaver
 21080 | D:12     | Found a white marble altar of Elyvilon.
 21139 | D:12     | Found Liegum's Antique Weapon Shop.
 21264 | D:12     | Received a gift from Trog
 21334 | D:13     | Noticed Azrael
 21342 | D:13     | Reached skill level 17 in Fighting
 21348 | D:13     | Killed Azrael
 21492 | D:13     | Received a gift from Trog
 21994 | D:13     | Found a gate to the Vaults.
 22797 | D:14     | Reached skill level 18 in Fighting
 22809 | D:14     | Received a gift from Trog
 22874 | D:13     | Reached skill level 10 in Dodging
 23114 | D:14     | Reached XP level 16. HP: 103/157 MP: 12/16
 23389 | D:14     | Found Loewko's Elemental Accessories.
 23778 | D:15     | Entered Level 15 of the Dungeon
 23851 | D:15     | Found a staircase to the Depths.
 23861 | D:15     | Reached skill level 19 in Fighting
 24402 | Orc:1    | Entered Level 1 of the Orcish Mines
 24474 | Orc:2    | Entered Level 2 of the Orcish Mines
 24524 | Orc:1    | Received a gift from Trog
 24901 | Orc:2    | Found a staircase to the Elven Halls.
 25266 | Elf:1    | Entered Level 1 of the Elven Halls
 25694 | Orc:2    | Found Nol Limush's Book Shoppe.
 25694 | Orc:2    | Found Oduiron's General Store.
 25709 | Orc:2    | Found Qewec Neg's Assorted Antiques.
 25709 | Orc:2    | Found Qytoc's Distillery.
 25717 | Orc:2    | Bought a glowing plate armour for 988 gold pieces
 25717 | Orc:2    | Bought a pair of runed boots for 285 gold pieces
 25806 | Orc:2    | Received a gift from Trog
 25964 | Shoals:1 | Entered Level 1 of the Shoals
 26044 | Shoals:1 | Reached skill level 20 in Fighting
 26429 | Shoals:1 | Noticed a kraken
 26874 | Shoals:1 | Killed a kraken
 27081 | Shoals:1 | Reached XP level 17. HP: 20/171 MP: 3/17
 27542 | Shoals:1 | Gained mutation: You expend magic power (3 MP) to strengthen your wands. [potion of mutation]
 27542 | Shoals:1 | Gained mutation: Your magical capacity is low. (-10% MP) [potion of mutation]
 27542 | Shoals:1 | Gained mutation: Your mind is acute. (Int +2) [potion of mutation]
 27924 | Shoals:2 | Noticed Louise
 27935 | Shoals:2 | Killed Louise
 28288 | Shoals:2 | Noticed a kraken
 28304 | Shoals:2 | Killed a kraken
 28341 | Shoals:2 | Noticed kroki's ghost (adept DsWn)
 28357 | Shoals:2 | Killed kroki's ghost
 28548 | Shoals:2 | Received a gift from Trog
 28550 | Shoals:2 | Reached skill level 21 in Fighting
 31251 | Shoals:2 | Received a gift from Trog
 31630 | Shoals:4 | Entered Level 4 of the Shoals
 32032 | Shoals:4 | Reached skill level 22 in Fighting
 32038 | Shoals:4 | Got a pair of warped boots
 32039 | Shoals:4 | Identified the +2 pair of boots of a labyrinth {rF+ rC++} (You found it on level 4 of the Shoals)
 32363 | D:6      | Bought an uncursed ring of poison resistance for 280 gold pieces
 32597 | Shoals:4 | Identified the cursed +0 pair of boots of Boolemeta {rPois rC+ rCorr Str-5} (You found it on level 4 of the Shoals)
 32727 | Shoals:4 | HP: 6/176 [merfolk/trident (8)]
 32727 | Shoals:4 | Slain by a merfolk impaler

Vault maps used:
D:1:      saegor_arrival_simple_c, nicolae_ashenzari_panopticon
D:2:      first_bread
D:3:      guppyfry_early_lair_pool
D:4:      nicolae_dithmenos_through_a_glass_darkly, temple_green, serial_shops,
          nicolae_shop_waterfront, uniq_grinder
D:5:      kennysheep_slugbush, elyvilon_altar_5, tgw_sif, minmay_misc_feat_alley
D:6:      serial_shops, shop, nicolae_gozag_zags_fifth_avenue
D:7:      nemelex_altar_shiori, uniq_duvessa, uniq_joseph, uniq_menkaure
D:8:      basic_altar, serial_undead, serial_undead_c, serial_undead_e,
          serial_undead_c, serial_undead_b, grunt_ogre_cave,
          nicolae_looking_at_the_future
D:9:      wad_woods_tower, minmay_tree_intersection, kennysheep_dice
D:10:     lair_entry_dummy, minmay_misc_feat_tower, uniq_grum, uniq_josephine
D:11:     uniq_psyche, uniq_nergalle
D:12:     thingy_vault, serial_shops, shop_fountains, basic_altar
D:13:     grunt_vaults_entry_tiered, uniq_azrael
D:14:     kennysheep_another_room, nicolae_elemental_shop
D:15:     hangedman_depths_entry_civil_slaughter, hangedman_decor_push
Temple:   compressed_dpeg_circular_temple
Lair:1:   uniq_erica
Lair:2:   serial_bayou_pond_a
Lair:3:   grunt_megastairs_1
Lair:4:   minmay_shoals_entry_beasts, nicolae_spider_entry_orb_guardian
Lair:5:   beast_lair_carwin_large_1
Lair:6:   minmay_lair_end_enchanted_forest, minmay_slime_entry_pillars,
          minmay_lair_oklob_chamber, lemuel_fruit_tree
Shoals:1: nicolae_shoals_kraken_intersection
Shoals:2: nicolae_shoals_so_close, uniq_louise
Shoals:3: nicolae_shoals_square_sea_wall, argonaut_gorgonesque
Shoals:4: shoals_end_simple, shoals_ilsuiw_alternative
Orc:2:    grunt_orc_tribal_feast
Elf:1:    eino_elf_arrival_the_gate, evilmike_minifort, uniq_agnes

Skill      XL: |  1  2  3  4  5  6  7  8  9 10 11 12 13 14 15 16 17 |
---------------+----------------------------------------------------+-----
Fighting       | 4 5 6 7 9 10 11 12 14 15 18 20 22 | 22.1
Axes           | 5 6 7 8 10 13 15 16 18 20 21 | 21.5
Armour         | 3 4 5 6 7 9 10 | 10.0
Dodging        | 2 5 6 8 10 11 12 | 12.4

Action                   |  1- 3 |  4- 6 |  7- 9 | 10-12 | 13-15 | 16-18 || total
-------------------------+-------+-------+-------+-------+-------+-------++-------
Melee: Hand axe          |    93 |   160 |    62 |       |       |       ||   315
       Unarmed           |       |     6 |       |       |       |       ||     6
       Battleaxe         |       |       |   249 |   409 |   751 |   713 ||  2122
       Hunting sling     |       |       |       |     4 |       |       ||     4
 Fire: Hunting sling     |       |       |    45 |   217 |    63 |       ||   325
       Fustibalus        |       |       |       |       |    67 |       ||    67
Invok: Trog's Hand       |       |     1 |     2 |     2 |     6 |     3 ||    14
       Berserk           |       |       |     3 |     2 |     7 |     3 ||    15
       Burn Spellbooks   |       |       |       |     3 |     2 |     1 ||     6
       Brothers in Arms  |       |       |       |       |       |     1 ||     1
Evoke: Wand              |       |       |       |     5 |       |       ||     5
  Use: Scroll            |     1 |     4 |    17 |     9 |    11 |     7 ||    49
       Potion            |       |       |       |     2 |     3 |     4 ||     9
 Stab: Invisible         |       |       |       |       |     3 |       ||     3
  Eat: Chunk             |     1 |     5 |    16 |    27 |    36 |    34 ||   119
       Fruit             |       |       |       |       |     7 |     2 ||     9
Armor: Leather armour    |     5 |       |       |       |       |       ||     5
       Animal skin       |     1 |       |       |       |       |       ||     1
       Scale mail        |    28 |    56 |    35 |       |       |       ||   119
       Chain mail        |       |       |    94 |    86 |       |       ||   180
       Plate armour      |       |       |       |   160 |   492 |   390 ||  1042
Dodge: Dodged            |    50 |    93 |   195 |   289 |   528 |   460 ||  1615
